 Dungeon Crawl Stone Soup version 0.23.2-40-g277498a001 (webtiles) character file.

Game seed: 8723353361331040842

2738 Chiseanne the Thaumaturge (level 9, -2/39 HPs)
             Began as a Spriggan Necromancer on Oct 3, 2019.
             Slain by a manticore (26 damage)
             ... on level 8 of the Dungeon.
             The game lasted 00:41:09 (7776 turns).

Chiseanne the Thaumaturge (Spriggan Necromancer)    Turns: 7776, Time: 00:41:09

Health: -2/39      AC:  2    Str:  4    XL:     9   Next: 40%
Magic:  18/22      EV: 22    Int: 19    God:
Gold:   96         SH:  0    Dex: 17    Spells: 13/25 levels left

rFire    . . .     SeeInvis +   a - +3 rapier (drain)
rCold    . . .     Gourm    .   (shield restricted)
rNeg     . . .     Faith    .   r - +0 robe
rPois    .         Spirit   .   (helmet restricted)
rElec    .         Reflect  .   (no cloak)
rCorr    .         Harm     .   (gloves unavailable)
MR       +....                  (boots unavailable)
Stlth    +++.......             x - amulet of regeneration
HPRegen  0.53/turn              D - +1 ring of slaying
MPRegen  0.18/turn              (no ring)

@: very quick
A: very small, unfitting armour, see invisible, herbivore, speed 3, slow
metabolism 2
a: no special abilities


You were on level 8 of the Dungeon.
You were full.

You visited 2 branches of the dungeon, and saw 9 of its levels.

You collected 430 gold pieces.
You spent 334 gold pieces at shops.

Inventory:

Hand Weapons
 a - a +3 rapier of draining (weapon)
 f - a +1 trident of venom
 s - a +2 whip of electrocution
 w - a +0 blowgun
 A - a +1 hand axe of flaming
 E - a +2 whip of freezing
Missiles
 d - 30 poisoned needles
 e - 83 bolts
 h - 202 stones
 j - 73 arrows
 l - 3 tomahawks
 p - 55 sling bullets
 v - 3 steel tomahawks (quivered)
 y - 2 needles of sleeping
Armour
 r - a +0 robe (worn)
Magical Staves
 t - an uncursed staff of poison
Jewellery
 x - an amulet of regeneration (around neck)
 D - a +1 ring of slaying (left hand)
 G - an uncursed amulet of the gourmand {unknown}
Wands
 F - a wand of flame (40)
Scrolls
 b - 2 scrolls of fog
 i - 6 scrolls of teleportation
 n - 5 scrolls of remove curse
 q - 2 scrolls of magic mapping
 B - 2 scrolls of amnesia
 C - 2 scrolls of fear
 H - a scroll of identify
Potions
 g - 2 potions of heal wounds
 k - 2 potions of flight
 m - 2 potions of might
 o - a potion of curing
 u - 3 potions of agility
 z - 2 potions of haste
Comestibles
 c - 5 rations


   Skills:
 * Level 6.8 Short Blades
 * Level 6.4 Dodging
 * Level 6.5 Stealth
 * Level 8.7 Spellcasting
 - Level 5.2 Charms
 - Level 6.4 Necromancy


You had 13 spell levels left.
You knew the following spells:

 Your Spells              Type           Power        Failure   Level  Hunger
a - Pain                  Necr           ####         1%          1    None
b - Animate Skeleton      Necr           N/A          1%          1    None
c - Vampiric Draining     Necr           ####......   1%          3    None
d - Regeneration          Chrm/Necr      ####......   2%          3    None
e - Animate Dead          Necr           N/A          6%          4    ###....

Your spell library contained the following spells:

 Spells                   Type           Power        Failure   Level  Hunger


Dungeon Overview and Level Annotations

Branches:
Dungeon (7/15)             Temple (1/1) D:6

Altars:
Ashenzari
Cheibriados
Dithmenos
Elyvilon
Fedhas
Gozag
Hepliaklqana
Kikubaaqudgha
Makhleb
Nemelex Xobeh
Qazlal
Ru
Trog
Uskayaw
Vehumet
Wu Jian
Xom
Yredelemnul
Zin
The Shining One

Shops:
D:4 *   D:5 ?


Innate Abilities, Weirdness & Mutations

You are very small and have problems with some larger weapons.
You are too small for most types of armour.
You have supernaturally acute eyesight. (SInv)
You are a herbivore.
You cover ground extremely quickly.
You need to consume almost no food.


Message History

Press: ? - help, Shift-Dir - straight line, f/p - manticore
Aim: a manticore (severely wounded)
Your health is already full.
Casting: Vampiric Draining (safe; 1% risk of failure)
Confirm with . or Enter, or press ? or * to list all spells.
Aiming: Pain (safe; 1% risk of failure)
Press: ? - help, Shift-Dir - straight line, f/p - manticore
Aim: a manticore (severely wounded, chance to defeat MR: 71%)
The manticore struggles to resist.
The manticore bites you! The manticore completely misses you.
The manticore misses you.
A bullfrog comes into view.
The bullfrog croaks.
Casting: Pain (safe; 1% risk of failure)
Confirm with . or Enter, or press ? or * to list all spells.
Aiming: Pain (safe; 1% risk of failure)
Press: ? - help, Shift-Dir - straight line, f/p - manticore
Aim: a manticore (severely wounded, chance to defeat MR: 71%)
The manticore writhes in agony!
The manticore bites you!!
Ouch! That really hurt!
You die...

#######
#.HF..#
#@# #.#
#.# #..
###


You could see a manticore and a bullfrog.

Vanquished Creatures
  An orc warrior (D:6)
  2 slaves (D:6)
  2 ice beasts
  2 ogres
  A phantom (D:6)
  A centaur (D:6)
  2 wolves (D:5)
  3 gnoll sergeants
  A bullfrog (D:6)
  4 scorpions
  4 wights (D:6)
  A howler monkey (D:4)
  2 crimson imps
  A bullfrog zombie (D:7)
  2 gnoll shamans (D:5)
  An orc priest (D:4)
  A jelly (D:6)
  An orc wizard (D:5)
  6 hounds
  A bullfrog skeleton (D:6)
  Ijyb (D:3)
  2 iguanas
  5 worker ants
  A hound zombie (D:7)
  2 hound skeletons
  14 gnolls
  5 adders
  2 oozes
  An adder skeleton (D:6)
  2 worms
  2 dart slugs
  6 leopard geckos
  11 orcs
  2 ball pythons
  4 giant cockroaches
  5 hobgoblins
  9 jackals
  3 kobolds
  A quokka (D:5)
  9 bats
  6 frilled lizards
  3 goblins
  A leopard gecko skeleton (D:6)
  7 rats
143 creatures vanquished.

Vanquished Creatures (collateral kills)
  Pikel (D:6)
  An ogre (D:6)
  A slave (D:6)
  A wight (D:6)
  A hound (D:5)
  A worker ant (D:6)
  6 gnolls
  An orc (D:5)
  3 jackals (D:5)
16 creatures vanquished.

Grand Total: 159 creatures vanquished

Notes
Turn   | Place    | Note
-------+----------+-------------------------------------------
     0 | D:1      | Chiseanne the Spriggan Necromancer began the quest for the
                  | Orb.
     0 | D:1      | Reached XP level 1. HP: 9/9 MP: 5/5
   386 | D:1      | Learned a level 1 spell: Animate Skeleton
   420 | D:1      | Reached skill level 3 in Spellcasting
   420 | D:1      | Reached XP level 2. HP: 11/13 MP: 1/7
  1769 | D:2      | Reached XP level 3. HP: 12/16 MP: 3/8
  1945 | D:2      | Learned a level 3 spell: Vampiric Draining
  2717 | D:3      | Reached skill level 4 in Spellcasting
  2717 | D:3      | Reached XP level 4. HP: 15/21 MP: 3/11
  2722 | D:3      | Noticed Ijyb
  2755 | D:3      | Killed Ijyb
  2998 | D:3      | Learned a level 3 spell: Regeneration
  3211 | D:4      | Reached skill level 1 in Short Blades
  3514 | D:5      | Entered Level 5 of the Dungeon
  3733 | D:5      | Found Umefu's Magic Scroll Boutique.
  3750 | D:5      | Noticed a wolf
  3767 | D:5      | Reached XP level 5. HP: 24/24 MP: 12/12
  3829 | D:5      | Reached skill level 5 in Spellcasting
  3830 | D:5      | Killed a wolf
  3830 | D:5      | Reached skill level 5 in Necromancy
  3830 | D:5      | Reached XP level 6. HP: 21/28 MP: 6/14
  4052 | D:5      | Bought a scroll of enchant weapon for 75 gold pieces
  4052 | D:5      | Bought a scroll of magic mapping for 35 gold pieces
  4052 | D:5      | Bought a scroll of teleportation for 30 gold pieces
  4052 | D:5      | Bought a scroll of teleportation for 30 gold pieces
  4052 | D:5      | Bought a scroll of teleportation for 30 gold pieces
  4052 | D:5      | Bought a scroll of identify for 20 gold pieces
  4065 | D:5      | Found a burning altar of Makhleb.
  4085 | D:5      | Found an ornate altar of the Wu Jian Council.
  4221 | D:4      | Learned a level 4 spell: Animate Dead
  4292 | D:4      | Reached XP level 7. HP: 23/32 MP: 7/16
  4880 | D:4      | Found a blossoming altar of Fedhas.
  4905 | D:4      | Found Poinaf's General Store.
  4913 | D:4      | Bought a scroll of identify for 24 gold pieces
  4961 | D:4      | Reached skill level 6 in Spellcasting
  5124 | D:5      | Reached skill level 1 in Charms
  5378 | D:5      | Found a shattered altar of Ashenzari.
  5760 | D:4      | Reached XP level 8. HP: 26/36 MP: 14/19
  6023 | D:5      | Bought a scroll of identify for 20 gold pieces
  6023 | D:5      | Bought a scroll of magic mapping for 35 gold pieces
  6023 | D:5      | Bought a scroll of amnesia for 35 gold pieces
  6076 | D:5      | Reached skill level 7 in Spellcasting
  6287 | D:4      | Reached skill level 5 in Short Blades
  6697 | D:6      | Reached skill level 5 in Charms
  6975 | D:6      | Found a hide-covered altar of Uskayaw.
  7027 | D:6      | Found a staircase to the Ecumenical Temple.
  7059 | Temple   | Entered the Ecumenical Temple
  7253 | D:6      | Reached skill level 5 in Dodging
  7253 | D:6      | Reached skill level 8 in Spellcasting
  7266 | D:6      | Reached skill level 5 in Stealth
  7266 | D:6      | Reached XP level 9. HP: 39/39 MP: 6/22
  7542 | D:7      | Noticed Pikel
  7646 | D:6      | Killed Pikel
  7773 | D:7      | You fall through a shaft!
  7774 | D:8      | Noticed a manticore
  7776 | D:8      | Slain by a manticore

Skill      XL: |  1  2  3  4  5  6  7  8  9 |
---------------+----------------------------+-----
Spellcasting   | 3 4 5 6 8 |  8.7
Necromancy     | 4 5 6 |  6.4
Short Blades   | 1 2 3 4 6 |  6.8
Charms         | 3 5 |  5.2
Dodging        | 5 6 |  6.4
Stealth        | 5 6 |  6.5

Action                   |  1- 3 |  4- 6 |  7- 9 || total
-------------------------+-------+-------+-------++-------
Melee: Rapier            |       |    27 |   113 ||   140
       Short sword       |       |     1 |       ||     1
       Whip              |       |       |    30 ||    30
Throw: Stone             |       |     2 |     1 ||     3
       Tomahawk          |       |     5 |     9 ||    14
 Cast: Pain              |    79 |    68 |   164 ||   311
       Animate Skeleton  |    11 |    15 |     8 ||    34
       Vampiric Draining |     1 |     1 |     2 ||     4
       Animate Dead      |       |       |    17 ||    17
       Regeneration      |       |       |     2 ||     2
Evoke: Wand              |       |     5 |    11 ||    16
  Use: Scroll            |     6 |     5 |     8 ||    19
 Stab: Sleeping          |       |     1 |     6 ||     7
       Distracted        |       |       |     1 ||     1
  Eat: Ration            |       |     3 |     3 ||     6
Armor: Robe              |     2 |     6 |    11 ||    19
Dodge: Dodged            |    14 |    49 |   161 ||   224
